Map: 16-Bit LE

Players

Namshar

  • Race: Zerg Zerg
  • League: Grandmaster
  • Spawn Location: 1:00

Bunny - Winner!

  • Race: Terran Terran
  • League: Diamond
  • Spawn Location: 7:00

Event: HomeStory Cup XVII

VOD

Have the link to the VOD?

Description

Time

  • Played on: June 28, 2018, 9:32 p.m.
  • Length: 11:40

All games in this series

Show
View Real Time Build Order
Export as new Build Order

Namshar Zerg 

Build Orders: Hatch First 

Get SALT Encoding   

  12  0:00  Drone  
  13  0:13  Overlord  
  13  0:17  Drone  
  14  0:31  Drone x2  
  14  0:35  Drone  
  17  0:52  Hatchery  
  17  0:56  Drone  
  17  0:58  Drone  
  18  1:09  Extractor  
  17  1:14  Spawning Pool  
  17  1:17  Drone  
  17  1:21  Drone  
  18  1:28  Drone  
  19  1:39  Drone  
  20  1:50  Overlord  
  20  2:01  Queen  
  20  2:04  Queen  
  20  2:06  Zergling x4  
  26  2:11  Drone  
  27  2:16  Drone  
  28  2:25  Hatchery  
  28  2:28  Drone  
  28  2:34  Metabolic Boost  
  29  2:37  Drone  
  29  2:48  Drone, Queen  
  32  2:52  Overlord  
  32  2:55  Drone  
  32  2:56  Drone  
  34  3:04  Drone  
  34  3:05  Overlord  
  35  3:09  Drone  
  36  3:14  Drone x3  
  36  3:15  Drone x2  
  41  3:21  Queen  
  41  3:25  Overlord  
  43  3:31  Queen  
  45  3:36  Drone  
  45  3:37  Drone  
  45  3:38  Drone  
  45  3:41  Overlord  
  48  3:44  Overlord  
  48  3:47  Zergling x4  
  50  3:53  Queen  
  52  3:58  Zergling x4  
  52  3:59  Zergling x4  
  56  4:04  Drone x2  
  56  4:08  Drone  
  59  4:12  Zergling x2  
  59  4:14  Drone x3  
  62  4:26  Zergling x6  
  62  4:28  Drone  
  66  4:33  Zergling x2  
  66  4:34  Drone x2  
  66  4:35  Overlord x2  
  66  4:36  Drone  
  66  4:37  Drone x3  
  73  4:45  Overlord  
  73  4:49  Extractor  
  73  4:50  Extractor, Queen  
  73  4:51  Overlord  
  73  4:56  Drone x5  
  72  5:10  Drone x9  
  79  5:20  Lair  
  78  5:21  Evolution Chamber  
  78  5:22  Evolution Chamber  
  78  5:23  Baneling Nest, Drone  
  78  5:24  Drone  
  77  5:29  Drone  
  77  5:30  Drone x2  
  80  5:37  Overlord  
  80  5:40  Drone  
  81  5:43  Zergling x6  
  84  5:53  Zergling x6  
  84  5:56  Extractor  
  85  5:57  Extractor  
  85  5:58  Drone x6  
  85  6:00  Drone  
  91  6:07  Drone x4  
  91  6:11  Zerg Ground Armor Level 1  
  94  6:14  Extractor  
  93  6:21  Centrifical Hooks  
  93  6:22  Hydralisk Den  
  93  6:23  Zerg Missile Weapons Level 1  
  93  6:25  Hatchery, Drone x2  
  92  6:26  Drone  
  92  6:27  Drone  
  95  6:38  Overlord x3  
  95  6:39  Overlord x2  
  94  6:43  Drone  
  94  6:45  Infestation Pit  
  94  7:02  Extractor  
  94  7:05  Extractor  
  92  7:08  Hatchery, Hydralisk  
  92  7:09  Hydralisk x8, Grooved Spines  
  92  7:15  Hydralisk x2  
  103  7:42  Drone x2  
  103  7:43  Overlord x3, Drone x2  
  107  7:44  Hydralisk x5  
  107  7:49  Baneling x7  
  117  7:54  Hydralisk x5  
  127  8:05  Drone  
  127  8:06  Drone x4  
  127  8:09  Zerg Ground Armor Level 2  
  132  8:13  Hive  
  132  8:15  Zergling x8  
  136  8:28  Zerg Missile Weapons Level 2  
  136  8:29  Hydralisk x5  
  146  8:37  Hydralisk x3  
  152  8:43  Overlord  
  152  8:44  Queen  
  152  8:46  Spine Crawler, Drone x2  
  155  8:49  Hydralisk x3  
  155  8:50  Hydralisk  
  162  9:01  Hydralisk x5  
  162  9:26  Hydralisk x8  
  162  9:27  Hydralisk x4  
  157  9:43  Viper  
  159  9:48  Viper  
  159  9:52  Hydralisk x2  
  162  9:53  Extractor, Zergling x8  
  162  9:54  Zergling x18  
  162  9:58  Muscular Augments  
  178  10:05  Overlord  
  178  10:12  Viper  
  181  10:17  Baneling x3  
  181  10:18  Baneling x3, Hydralisk  
  181  10:19  Hydralisk  
  181  10:20  Zergling x16  
  193  10:22  Baneling  
  193  10:23  Baneling  
  193  10:24  Baneling x2  
  193  10:26  Extractor  
  193  10:27  Extractor  
  190  10:35  Hydralisk x4  
  169  10:46  Hydralisk x5  
  160  10:55  Baneling  
  160  10:56  Baneling x6  
  160  10:57  Hydralisk x2  
  160  11:00  Hydralisk  
  160  11:01  Zergling x4  
  163  11:11  Zergling x12, Hydralisk  
  130  11:17  Zergling x2  
Show
View Real Time Build Order
Export as new Build Order

Bunny Terran - Winner!

Build Orders: Liberator Opening, Mech 

Get SALT Encoding   

  12  0:00  SCV  
  13  0:13  SCV  
  14  0:17  Supply Depot  
  14  0:25  SCV  
  15  0:39  SCV  
  15  0:40  Barracks  
  16  0:45  Refinery  
  16  0:51  SCV  
  17  1:03  SCV  
  18  1:15  SCV  
  19  1:28  Orbital Command  
  19  1:30  Marine  
  20  1:42  Command Center  
  20  1:48  Marine  
  20  1:54  SCV  
  22  2:01  Factory  
  22  2:06  Barracks Reactor  
  22  2:11  Supply Depot  
  22  2:14  SCV  
  23  2:19  Refinery  
  23  2:32  SCV  
  23  2:33  Engineering Bay  
  24  2:44  SCV  
  24  2:52  Starport  
  24  2:54  Orbital Command  
  25  2:58  SCV  
  25  3:04  Hellion  
  27  3:09  Hellion  
  27  3:12  SCV  
  30  3:19  SCV  
  31  3:25  SCV, Hellion  
  34  3:30  Hellion, Medivac  
  34  3:33  SCV  
  39  3:37  SCV  
  39  3:38  Supply Depot  
  40  3:44  Liberator  
  40  3:46  SCV  
  43  3:49  SCV  
  46  3:58  Supply Depot  
  46  4:00  SCV  
  46  4:12  SCV, Command Center  
  46  4:16  SCV  
  48  4:19  Supply Depot  
  48  4:24  SCV  
  48  4:27  Hellion  
  48  4:28  SCV  
  48  4:29  Hellion  
  54  4:37  SCV  
  55  4:40  SCV  
  55  4:42  Supply Depot  
  55  4:44  Viking  
  58  4:50  SCV  
  58  4:52  SCV  
  60  4:58  Factory  
  60  5:01  Factory  
  60  5:05  Hellion x2  
  62  5:08  SCV x2  
  62  5:13  Refinery  
  62  5:14  Armory, Refinery  
  58  5:19  Armory  
  58  5:25  Orbital Command, Barracks Tech Lab  
  58  5:28  SCV x2  
  60  5:36  Hellion x2  
  60  5:40  SCV  
  60  5:41  SCV  
  66  5:50  Orbital Command  
  66  5:52  SCV  
  66  5:53  SCV  
  66  5:54  Factory Tech Lab  
  68  6:02  Hellion x2  
  72  6:05  SCV x2  
  74  6:16  Refinery, SCV  
  74  6:17  Refinery, SCV x2  
  77  6:19  Terran Vehicle And Ship Armor Level 1, Terran Vehicle Weapons Level 1  
  77  6:23  Thor  
  77  6:24  Thor  
  89  6:28  Supply Depot x2  
  89  6:29  SCV x2  
  91  6:41  SCV x2  
  91  6:43  Starport Reactor  
  91  6:46  Supply Depot x2, Factory  
  91  6:47  SCV  
  94  6:51  Factory  
  94  6:53  SCV x2  
  96  6:59  SCV  
  96  7:01  Hellion x2  
  101  7:05  SCV x2  
  101  7:08  Supply Depot  
  103  7:11  SCV  
  103  7:12  Siege Tank x2  
  110  7:18  SCV x2  
  112  7:23  SCV  
  112  7:28  Hellion x2  
  117  7:35  SCV x3  
  117  7:36  Infernal Pre-Igniter  
  114  7:37  Factory Reactor  
  114  7:38  Factory Tech Lab  
  114  7:39  Supply Depot  
  111  7:49  Command Center  
  111  7:52  Siege Tank  
  111  7:55  Medivac  
  111  7:56  Medivac  
  118  8:02  Supply Depot  
  118  8:03  Siege Tank  
  118  8:05  Siege Tank  
  124  8:10  SCV x3  
  124  8:12  Hellion  
  129  8:15  Terran Vehicle Weapons Level 2  
  129  8:18  Terran Vehicle And Ship Armor Level 2  
  129  8:21  Hellion  
  129  8:22  Hellion  
  133  8:28  Supply Depot  
  133  8:29  Siege Tank  
  133  8:30  Hellion  
  138  8:35  Viking  
  138  8:37  Siege Tank  
  143  8:47  Siege Tank  
  146  8:49  Hellion x3  
  146  8:51  Hellion  
  146  8:52  Supply Depot  
  146  8:55  Viking  
  148  9:03  Siege Tank  
  151  9:15  Engineering Bay, Refinery  
  151  9:18  Siege Tank  
  151  9:19  Hellion x3  
  151  9:20  Siege Tank  
  151  9:21  SCV x3  
  164  9:26  Hellion  
  164  9:28  Refinery  
  162  9:35  Engineering Bay, Siege Tank  
  165  9:44  Liberator  
  165  9:45  Liberator  
  157  9:50  Siege Tank, Hellion  
  157  9:51  Hellion  
  157  9:52  Siege Tank  
  167  9:55  Hellion x2  
  177  10:08  Hellion  
  177  10:09  Planetary Fortress  
  177  10:12  Hellion  
  177  10:13  Factory  
  181  10:15  Factory  
  181  10:16  Cyclone  
  184  10:23  Siege Tank, Command Center  
  187  10:29  Siege Tank  
  187  10:33  Siege Tank  
  180  10:38  Hellion x2  
  180  10:41  Hellion  
  163  10:48  Hellion, Viking x2  
  162  10:55  Siege Tank  
  165  11:00  Hellion x2  
  165  11:01  Factory Reactor, Factory Tech Lab  
  152  11:12  Hellion x2  
  154  11:20  SCV x3  
Tags
 
Add a new tag
Caveats
  • Supply blocks, unpowered buildings, or Contaminate may cause inaccurate times.
  • Supply counts are checked every 10 seconds.